SAAA
NAPERVILLE BATTLEKINGS @ BAGLEY LOONS
06/14/2018
 
TOP OF THE 1ST
Naperville Battlekings batting - Pitching for Bagley Loons : RHP Karl Schultz
Pitching: RHP Karl Schultz
Batting: RHB Wayne Bannatyne 0-0: Ball
1-0: Foul Ball, location: 2F
1-1: Ball
2-1: Ball
3-1: Swinging Strike
3-2: Foul Ball, location: 2F
3-2: Fly out, F8 (Flyball, 8LM)
Batting: RHB Joe Ferneyhough 0-0: Called Strike
0-1: Ball
1-1: Reached on Error, E4 (Popup, 4)
Batting: RHB Kyle Myers 0-0: Called Strike
0-1: Called Strike
0-2: Ball
1-2: Ball
2-2: Foul Ball, location: 2F
2-2: Fly out, F3 (Popup, 3F)
Batting: SHB Omar Gutiérrez 0-0: Ball
1-0: SINGLE (Line Drive, 4MD)
Joe Ferneyhough to second
Batting: RHB Carlos Vera 0-0: Ball
1-0: Called Strike
1-1: Ball
2-1: Ball
3-1: Called Strike
3-2: Base on Balls
Joe Ferneyhough to third
Omar Gutiérrez to second
Batting: RHB Tony Sánchez 0-0: Ball
1-0: Called Strike
1-1: GRAND SLAM HOME RUN (Flyball, 8RXD), Distance : 426 ft
Batting: RHB Alfredo López 0-0: Called Strike
0-1: Called Strike
0-2: Ball
1-2: Strikes out looking
Top of the 1st over - 4 run(s), 2 hit(s), 1 error(s), 0 left on base; Naperville 4 - Bagley 0
BOTTOM OF THE 1ST
Bagley Loons batting - Pitching for Naperville Battlekings : RHP Bruce Wright
Pitching: RHP Bruce Wright
Batting: SHB Roland Meade 0-0: Called Strike
0-1: Foul Ball, location: 2F
0-2: Ball
1-2: Ball
2-2: Strikes out swinging
Batting: LHB Lawrence Washington 0-0: Ball
1-0: SINGLE (Line Drive, 34)
Batting: LHB Rafael García 0-0: Called Strike
0-1: Swinging Strike
0-2: Ball
1-2: Foul Ball, location: 2F
1-2: Ball
2-2: Strikes out swinging
Batting: RHB Rick Johnson 0-0: Ball
1-0: Foul Ball, location: 2F
1-1: Called Strike
1-2: Foul Ball, location: 2F
1-2: Strikes out swinging
Bottom of the 1st over - 0 run(s), 1 hit(s), 0 error(s), 1 left on base; Naperville 4 - Bagley 0
TOP OF THE 2ND
Naperville Battlekings batting - Pitching for Bagley Loons : RHP Karl Schultz
Batting: RHB John Warner 0-0: Ball
1-0: Swinging Strike
1-1: Foul Ball, location: 2F
1-2: Ground out 1-3 (Groundball, 13)
Batting: RHB António Ruíz 0-0: Foul Ball, location: 2F
0-1: Ball
1-1: Called Strike
1-2: Foul Ball, location: 2F
1-2: Strikes out swinging
Batting: RHB Wayne Bannatyne 0-0: Foul Ball, location: 2F
0-1: SINGLE (Groundball, 56D)
Batting: RHB Joe Ferneyhough 0-0: Swinging Strike
0-1: Ball
1-1: Fly out, F9 (Flyball, 9D)
Top of the 2nd over - 0 run(s), 1 hit(s), 0 error(s), 1 left on base; Naperville 4 - Bagley 0
BOTTOM OF THE 2ND
Bagley Loons batting - Pitching for Naperville Battlekings : RHP Bruce Wright
Batting: LHB Kenko Ueda 0-0: Called Strike
0-1: Foul Ball, location: 2F
0-2: Ground out 1-3 (Groundball, 13S)
Batting: LHB Ralph Dunford 0-0: Ball
1-0: Fly out, F9 (Flyball, 89M)
Batting: RHB Walton Stephens 0-0: Ball
1-0: SINGLE (Line Drive, 56)
Batting: RHB Mike Alford 0-0: Ball
1-0: Called Strike
1-1: Ball
2-1: Ball
3-1: Base on Balls
Walton Stephens to second
Batting: RHB Rick Bell 0-0: Called Strike
0-1: Foul Ball, location: 2F
0-2: Ball
1-2: Strikes out looking
Bottom of the 2nd over - 0 run(s), 1 hit(s), 0 error(s), 2 left on base; Naperville 4 - Bagley 0
TOP OF THE 3RD
Naperville Battlekings batting - Pitching for Bagley Loons : RHP Karl Schultz
Batting: RHB Kyle Myers 0-0: Called Strike
0-1: Ball
1-1: Ball
2-1: Foul Ball, location: 2F
2-2: Strikes out swinging
Batting: SHB Omar Gutiérrez 0-0: Called Strike
0-1: Ball
1-1: Ball
2-1: Ball
3-1: Ground out 6-3 (Groundball, 6M)
Batting: RHB Carlos Vera 0-0: Called Strike
0-1: Ball
1-1: Swinging Strike
1-2: Ball
2-2: Ball
3-2: Base on Balls
Pitching: RHP Rod Bakewell
Batting: RHB Tony Sánchez 0-0: Foul Ball, location: 2F
Single, Error in OF, E8, batter to second base
Carlos Vera to third
Batting: RHB Alfredo López 0-0: Called Strike
0-1: Ball
1-1: Foul Ball, location: 2F
1-2: Ball
2-2: Ball
3-2: SINGLE (Flyball, 8RS)
Carlos Vera scores
Tony Sánchez to third
Tony Sánchez scores
Batting: RHB John Warner 0-0: Ball
1-0: Ball
2-0: Ball
Wild Pitch!
Alfredo López to second
3-0: Called Strike
3-1: Fly out, F3 (Popup, 3)
Top of the 3rd over - 2 run(s), 2 hit(s), 1 error(s), 1 left on base; Naperville 6 - Bagley 0
BOTTOM OF THE 3RD
Bagley Loons batting - Pitching for Naperville Battlekings : RHP Bruce Wright
Batting: SHB Roland Meade 0-0: Called Strike
0-1: Swinging Strike
0-2: Fly out, F7 (Flyball, 7M)
Batting: LHB Lawrence Washington 0-0: Called Strike
0-1: Ball
1-1: Ball
2-1: Ball
3-1: Foul Ball, location: 2F
3-2: Strikes out swinging
Batting: LHB Rafael García 0-0: Ball
1-0: Ball
2-0: Called Strike
2-1: SINGLE (Groundball, 4MD)
Batting: RHB Rick Johnson 0-0: Called Strike
0-1: Ground out U3 (Groundball, 3)
Bottom of the 3rd over - 0 run(s), 1 hit(s), 0 error(s), 1 left on base; Naperville 6 - Bagley 0
TOP OF THE 4TH
Naperville Battlekings batting - Pitching for Bagley Loons : RHP Rod Bakewell
Batting: RHB António Ruíz 0-0: Called Strike
0-1: Ball
1-1: Called Strike
1-2: SINGLE (Groundball, 56D)
Batting: RHB Wayne Bannatyne 0-0: Ball
1-0: Ball
2-0: Called Strike
2-1: Foul Ball, location: 2F
2-2: Foul Ball, location: 2F
2-2: Ball
3-2: Base on Balls
António Ruíz to second
Batting: RHB Joe Ferneyhough 0-0: Swinging Strike
0-1: Ball
1-1: Ball
2-1: Foul Ball, location: 2F
2-2: Ball
3-2: Foul Ball, location: 2F
3-2: Strikes out looking
Batting: RHB Kyle Myers 0-0: Called Strike
0-1: Ball
1-1: Foul Ball, location: 2F
1-2: Grounds into double play, 6-4-3 (Groundball, 6M)
Top of the 4th over - 0 run(s), 1 hit(s), 0 error(s), 1 left on base; Naperville 6 - Bagley 0
BOTTOM OF THE 4TH
Bagley Loons batting - Pitching for Naperville Battlekings : RHP Bruce Wright
Batting: LHB Kenko Ueda 0-0: Called Strike
0-1: Ball
1-1: Ball
2-1: Foul Ball, location: 2F
2-2: SOLO HOME RUN (Flyball, 89XD), Distance : 395 ft
Batting: LHB Ralph Dunford 0-0: Called Strike
0-1: Ball
1-1: Ball
2-1: Called Strike
2-2: SINGLE (Line Drive, 4MD)
Batting: RHB Walton Stephens 0-0: Ball
1-0: Foul Ball, location: 2F
1-1: Grounds into double play, 5-4-3 (Groundball, 5)
Batting: RHB Mike Alford 0-0: Ground out 4-3 (Groundball, 4M)
Bottom of the 4th over - 1 run(s), 2 hit(s), 0 error(s), 0 left on base; Naperville 6 - Bagley 1
TOP OF THE 5TH
Naperville Battlekings batting - Pitching for Bagley Loons : RHP Rod Bakewell
Batting: SHB Omar Gutiérrez 0-0: Ground out 1-3 (Groundball, 25)
Batting: RHB Carlos Vera 0-0: Ball
1-0: Ground out 1-3 (Groundball, 15)
Batting: RHB Tony Sánchez 0-0: Called Strike
0-1: Ball
1-1: Ball
2-1: Swinging Strike
2-2: Fly out, F9 (Flyball, 9M)
Top of the 5th over - 0 run(s), 0 hit(s), 0 error(s), 0 left on base; Naperville 6 - Bagley 1
BOTTOM OF THE 5TH
Bagley Loons batting - Pitching for Naperville Battlekings : RHP Bruce Wright
Batting: RHB Rick Bell 0-0: Ball
1-0: Called Strike
1-1: Reached on error, E6 (Groundball, 6)
Batting: SHB Roland Meade 0-0: Called Strike
0-1: Ball
1-1: Reached on error, E3 (Groundball, 3L)
Rick Bell to second
Batting: LHB Lawrence Washington 0-0: Called Strike
0-1: Ball
1-1: Fielders Choice at 2nd, 6-4 (Groundball, 6)
Rick Bell to third
Batting: LHB Rafael García 0-0: Foul Ball, location: 2F
0-1: Foul Ball, location: 2F
0-2: Strikes out swinging
Batting: RHB Rick Johnson 0-0: Called Strike
0-1: 3-RUN HOME RUN (Line Drive, 7LD), Distance : 346 ft
Batting: LHB Kenko Ueda 0-0: Ground out 4-3 (Groundball, 4)
Bottom of the 5th over - 3 run(s), 1 hit(s), 2 error(s), 0 left on base; Naperville 6 - Bagley 4
TOP OF THE 6TH
Naperville Battlekings batting - Pitching for Bagley Loons : RHP Rod Bakewell
Batting: RHB Alfredo López 0-0: Swinging Strike
0-1: Called Strike
0-2: SINGLE (Line Drive, 56D)
Batting: RHB John Warner 0-0: Called Strike
0-1: Ball
1-1: SINGLE (Groundball, 6MD)
Alfredo López to second
Runner from 2nd tries for 3rd, SAFE, throw made to third
Pitching: LHP Aurelio Martínez
Batting: RHB António Ruíz 0-0: Ball
1-0: Ball
2-0: Called Strike
2-1: Fly out, F9 (Flyball, 89M)
Runner from 3rd tags up, OUT at HOME
John Warner to second
Batting: RHB Wayne Bannatyne 0-0: Ball
1-0: Ball
2-0: Called Strike
2-1: Called Strike
2-2: Foul Ball, location: 2F
2-2: Strikes out looking
Top of the 6th over - 0 run(s), 2 hit(s), 0 error(s), 1 left on base; Naperville 6 - Bagley 4
BOTTOM OF THE 6TH
Bagley Loons batting - Pitching for Naperville Battlekings : RHP Bruce Wright
Batting: LHB Ralph Dunford 0-0: Called Strike
0-1: Ground out 4-3 (Groundball, 4M)
Batting: RHB Walton Stephens 0-0: Foul Ball, location: 2F
0-1: Ball
1-1: Ball
2-1: Ball
3-1: Ground out 1-3 (Groundball, 15)
Batting: RHB Mike Alford 0-0: Called Strike
0-1: Ball
1-1: Ball
2-1: Ball
3-1: Ground out 3-1 (Groundball, 34S)
Bottom of the 6th over - 0 run(s), 0 hit(s), 0 error(s), 0 left on base; Naperville 6 - Bagley 4
TOP OF THE 7TH
Naperville Battlekings batting - Pitching for Bagley Loons : LHP Aurelio Martínez
Batting: RHB Joe Ferneyhough 0-0: Fly out, F9 (Flyball, 9S)
Batting: RHB Kyle Myers 0-0: Fly out, F7 (Flyball, 7D)
Batting: SHB Omar Gutiérrez 0-0: Ball
1-0: Ball
2-0: Ball
3-0: Called Strike
3-1: Foul Ball, location: 2F
3-2: Base on Balls
Batting: RHB Carlos Vera 0-0: Swinging Strike
0-1: Swinging Strike
0-2: Ball
1-2: Strikes out looking
Top of the 7th over - 0 run(s), 0 hit(s), 0 error(s), 1 left on base; Naperville 6 - Bagley 4
BOTTOM OF THE 7TH
Bagley Loons batting - Pitching for Naperville Battlekings : RHP Bruce Wright
Batting: RHB Rick Bell 0-0: Swinging Strike
0-1: Foul Ball, location: 2F
0-2: Foul Ball, location: 2F
0-2: Ball
1-2: Ball
2-2: Foul Ball, location: 2F
Single, Error in OF, E7, batter to second base
Batting: SHB Roland Meade 0-0: Ball
1-0: Foul Ball, location: 2F
1-1: Ball
2-1: SINGLE (Line Drive, 9S)
Rick Bell to third
Runner from 3rd tries for Home, SAFE, throw made home
Batting: LHB Lawrence Washington 0-0: Swinging Strike
0-1: Ball
1-1: Sac Bunt - play at second, runner OUT! 1-6
Batting: LHB Rafael García 0-0: Called Strike
0-1: DOUBLE (Flyball, 9LM)
Lawrence Washington to third
Pinch Hitting: RHB Allen Murphy 0-0: Ball
1-0: Ball
2-0: Ball
3-0: Base on Balls
Pitching: RHP Mike Heller
Batting: LHB Kenko Ueda 0-0: Swinging Strike
0-1: Fly out, F8 (Flyball, 8LD)
Runner from 3rd tags up, SCORES, no throw
Rafael García to third
Pinch Hitting: LHB Jim Unknown 0-0: Ball
1-0: Ball
2-0: Foul Ball, location: 2F
2-1: Ball
3-1: Base on Balls
Allen Murphy to second
Batting: RHB Walton Stephens 0-0: Ball
1-0: Foul Ball, location: 2F
1-1: Ball
2-1: Ball
3-1: Foul Ball, location: 2F
3-2: Strikes out looking
Bottom of the 7th over - 2 run(s), 3 hit(s), 1 error(s), 3 left on base; Naperville 6 - Bagley 6
TOP OF THE 8TH
Naperville Battlekings batting - Pitching for Bagley Loons : LHP Aurelio Martínez
Pitching: RHP Jim Unknown
Now at 1B: Jesús García
Now in CF: Jim Unknown
Pinch Hitting: LHB Cristo Ramírez 0-0: Ball
1-0: Ground out 5-3 (Groundball, 5)
Batting: RHB Alfredo López 0-0: Ball
1-0: Called Strike
1-1: Swinging Strike
1-2: Foul Ball, location: 2F
1-2: Strikes out swinging
Batting: RHB John Warner 0-0: Called Strike
0-1: Ball
1-1: Fly out, F9 (Flyball, 9D)
Top of the 8th over - 0 run(s), 0 hit(s), 0 error(s), 0 left on base; Naperville 6 - Bagley 6
BOTTOM OF THE 8TH
Bagley Loons batting - Pitching for Naperville Battlekings : RHP Mike Heller
Now at SS: Carlos Gómez
Batting: RHB Mike Alford 0-0: Ball
1-0: Ball
2-0: Ball
3-0: Called Strike
3-1: Base on Balls
Batting: RHB Rick Bell 0-0: Ball
1-0: Ball
2-0: Called Strike
2-1: Ball
3-1: SINGLE (Line Drive, 34D)
Mike Alford to second
Batting: SHB Roland Meade 0-0: Grounds into double play, 4-6-3 (Groundball, 4)
Mike Alford to third
Batting: LHB Lawrence Washington 0-0: Ball
1-0: Called Strike
1-1: Ball
2-1: Ball
3-1: SINGLE (Line Drive, 34)
Mike Alford scores
Batting: LHB Rafael García 0-0: Foul Ball, location: 2F
0-1: Ground out 4-3 (Groundball, 4)
Bottom of the 8th over - 1 run(s), 2 hit(s), 0 error(s), 1 left on base; Naperville 6 - Bagley 7
TOP OF THE 9TH
Naperville Battlekings batting - Pitching for Bagley Loons : RHP Jim Unknown
Pitching: RHP Jim Unknown
Pinch Hitting: RHB Max White 0-0: Ball
1-0: SINGLE (Line Drive, 78S)
Batting: RHB Wayne Bannatyne 0-0: Bunted foul
0-1: Ball
1-1: Bunted foul
1-2: Foul Ball, location: 2F
1-2: Fly out, F8 (Flyball, 8RM)
Batting: RHB Joe Ferneyhough 0-0: Called Strike
0-1: Ball
1-1: Foul Ball, location: 2F
1-2: 2-RUN HOME RUN (Flyball, 7LD), Distance : 331 ft
Pitching: RHP Jeremy Gutiérrez
Batting: RHB Kyle Myers 0-0: Called Strike
0-1: Ball
1-1: Foul Ball, location: 2F
1-2: Fly out, F3 (Popup, 3SF)
Batting: SHB Omar Gutiérrez 0-0: Called Strike
0-1: Ball
1-1: Ball
2-1: Foul Ball, location: 2F
2-2: Ground out 6-3 (Groundball, 56)
Top of the 9th over - 2 run(s), 2 hit(s), 0 error(s), 0 left on base; Naperville 8 - Bagley 7
BOTTOM OF THE 9TH
Bagley Loons batting - Pitching for Naperville Battlekings : RHP Mike Heller
Pitching: RHP Mike Warren
Now at 3B: Max White
Pinch Hitting: RHB Edward Baker 0-0: Ball
1-0: Called Strike
1-1: DOUBLE (Line Drive, 8RD)
Batting: LHB Kenko Ueda 0-0: SINGLE (Line Drive, 78S)
Edward Baker to third
Batting: LHB Jim Unknown 0-0: Ball
1-0: Ball
2-0: Called Strike
2-1: Ball
3-1: Base on Balls
Kenko Ueda to second
Batting: RHB Walton Stephens 0-0: Ball
1-0: Ball
2-0: Fly out, F8 (Flyball, 8LS)
Batting: RHB Mike Alford 0-0: Ball
1-0: GRAND SLAM HOME RUN (Line Drive, 78XD), Distance : 376 ft
This league is powered by Out of the Park Baseball, the baseball management simulation game for PC, Mac and Linux
Monday, May 4th, 2015 - OOTP Baseball 15.6 Build 34